 Dungeon Crawl Stone Soup version 0.31-a0-175-g9f7f995f2b (webtiles) character file.

Game seed: 10866479306995941008

182 Anon1729 the Trooper (level 5, -2/47 HPs)
             Began as a Minotaur Monk on June 16, 2023.
             Slain by Blork the orc
             ... wielding a +0 scimitar
              (6 damage)
             ... on level 4 of the Dungeon.
             The game lasted 00:00:45 (3002 turns).

Anon1729 the Trooper (Minotaur Monk)                Turns: 3002, Time: 00:00:46

Health: -2/47      AC:  2    Str: 16    XL:     5   Next: 34%
Magic:  5/5        EV: 13    Int:  7    God:
Gold:   271        SH:  0    Dex: 14    Spells: 4/4 levels left

rFire   . . .        a - +0 short sword
rCold   . . .        d - orb {light}
rNeg    . . .        b - +0 robe
rPois   .            (helmet restricted)
rElec   .            (no cloak)
rCorr   +            (no gloves)
SInv    .            (no boots)
Will    .....        (no amulet)
Stlth   +            p - ring of resist corrosion
HPRegen 0.27/turn    (no ring)
MPRegen 0.09/turn

%: no passive effects
@: glowing
A: horns 2, retaliatory headbutt
a: no special abilities


You were on level 4 of the Dungeon.
You visited 1 branch of the dungeon, and saw 4 of its levels.

You collected 271 gold pieces.

Inventory:

Hand Weapons
 a - a +0 short sword (weapon)
Armour
 b - a +0 robe (worn)
 d - an orb of light (worn)
Jewellery
 p - a ring of resist corrosion (left hand)
 r - an amulet of guardian spirit
 t - an amulet of magic regeneration
Wands
 i - a wand of flame (11)
 u - a wand of digging (9)
Scrolls
 e - 4 scrolls of identify {unknown}
 h - a scroll of enchant weapon {unknown}
 m - a scroll of amnesia {unknown}
 n - a scroll of vulnerability {unknown}
 q - a scroll of teleportation {unknown}
 y - a scroll of enchant armour {unknown}
Potions
 c - 2 potions of ambrosia
 f - a potion of enlightenment {unknown}
 g - 2 potions of brilliance {unknown}
 j - a potion of lignification {unknown}
 k - a potion of curing {unknown}
 l - a potion of might {unknown}
 o - a potion of cancellation {unknown}
 s - a potion of degeneration {unknown}
 v - a potion of magic {unknown}
 w - a potion of attraction {unknown}
 x - a potion of heal wounds {unknown}
 z - a potion of haste {unknown}


   Skills:
 + Level 4.6 Fighting
 + Level 4.2 Short Blades
 + Level 2.6 Armour
 + Level 4.1 Dodging
 + Level 2.0 Invocations


You had 4 spell levels left.
You didn't know any spells.
Your spell library contained the following spells:

 Spells                   Type           Power      Damage    Failure   Level
 Lesser Beckoning         Tloc           0%         N/A       56%         2
 Gell's Gravitas          Tloc           0%         N/A       80%         3
 Inner Flame              Hex/Fire       0%         N/A       80%         3
 Teleport Other           Tloc           0%         N/A       80%         3
 Flame Wave               Conj/Fire      0%         2d4       99%         4
 Sticky Flame             Conj/Fire      0%         2d3       99%         4


Dungeon Overview and Level Annotations

Branches:
Dungeon (4/15)
 Temple: D:4-7

Altars:
Ashenzari
Fedhas
Kikubaaqudgha
Okawaru
Qazlal
Wu Jian
Xom

Annotations:
D:4 Blork the orc


Innate Abilities, Weirdness & Mutations

You have a pair of horns on your head.
You reflexively headbutt those who attack you in melee.


Message History

Blork the orc points at you and mumbles some strange words.
The magic dart hits you. The goblin barely misses you.
You hit the goblin but do no damage. You headbutt the goblin.
You kill the goblin!
Blork the orc points at you and mumbles some strange words.
The magic dart hits you!
You hit Blork the orc but do no damage.
Blork the orc hits you with a +0 scimitar!
You are too injured to fight recklessly!
You are too injured to fight recklessly!
You are too injured to fight recklessly!
You are too injured to fight recklessly!
You are too injured to fight recklessly!
You are too injured to fight recklessly!
You are too injured to fight recklessly!
You are too injured to fight recklessly!
You are too injured to fight recklessly!
You are too injured to fight recklessly!
You are too injured to fight recklessly!
You are too injured to fight recklessly!
You are too injured to fight recklessly!
You are too injured to fight recklessly!
You are too injured to fight recklessly!
You are too injured to fight recklessly!
You are too injured to fight recklessly!
You are too injured to fight recklessly!
You are too injured to fight recklessly!
You are too injured to fight recklessly!
You are too injured to fight recklessly!
You hit Blork the orc. You headbutt Blork the orc.
Blork the orc is lightly wounded.
Blork the orc screams, "I don't like you!"
Blork the orc hits you with a +0 scimitar!
* * * LOW HITPOINT WARNING * * *
Blork the orc points at you and mumbles some strange words.
The puff of frost hits you.
* * * LOW HITPOINT WARNING * * *
Blork the orc attacks as you move away!
Blork the orc hits you with a +0 scimitar.
You die...

# .. . ...... #.## #.... .:....
#... ..#.###### ...... #...
........#####...... #####..# #
###.###...##........ ........
#.#☼....#...##...J..... ....##.
#.#.....##.....K.......###.....
#...._........@)..).....#......
###.....####$.#o...............
#§....# #...........##.##...
###.### ##................).
#..######.....###..........
##..........#.# ###......##
##...........###..........
#.....[..................
#..................>.....


You could see Blork the orc (fast), a jelly and a kobold.

Vanquished Creatures
  Jessica (D:3)
  An iguana (D:3)
  5 adders
  3 worms
  3 dart slugs
  2 orcs
  8 bats
  3 endoplasms
  3 giant cockroaches
  6 goblins
  5 hobgoblins
  4 jackals (D:1)
  4 quokkas
  4 ball pythons
  4 frilled lizards
  6 kobolds
  7 rats
69 creatures vanquished.

Notes
Turn   | Place    | Note
-------+----------+-------------------------------------------
     0 | D:1      | Anon1729 the Minotaur Monk began the quest for the Orb.
     0 | D:1      | Reached XP level 1. HP: 19/19 MP: 0/0
   158 | D:1      | Reached XP level 2. HP: 27/27 MP: 1/1
   365 | D:1      | Reached skill level 1 in Armour
   443 | D:1      | Reached skill level 1 in Invocations
   482 | D:1      | Reached XP level 3. HP: 31/33 MP: 2/2
   942 | D:2      | Found an ornate altar of the Wu Jian Council.
  1280 | D:2      | Reached XP level 4. HP: 40/40 MP: 4/4
  2043 | D:3      | Found a broken altar of Ashenzari.
  2188 | D:3      | Found an iron altar of Okawaru.
  2256 | D:3      | Found a broken altar of Ashenzari.
  2258 | D:3      | Found a shimmering altar of Xom.
  2258 | D:3      | Found an ancient bone altar of Kikubaaqudgha.
  2260 | D:3      | Found a shimmering altar of Xom.
  2260 | D:3      | Found a blossoming altar of Fedhas.
  2260 | D:3      | Found a shimmering altar of Xom.
  2338 | D:3      | Noticed Jessica
  2347 | D:3      | Killed Jessica
  2348 | D:3      | Reached XP level 5. HP: 21/47 MP: 5/5
  2983 | D:4      | Found a stormy altar of Qazlal.
  2993 | D:4      | Noticed Blork the orc
  3002 | D:4      | Slain by Blork the orc

Illustrated notes

Levels and vault maps discovered:
D:1:      scummos_arrival_hexagon, layout_loops_ring, minivault_5
D:2:      layout_basic, basic_altar
D:3:      layout_loops_ring, doesnt_xom_only_xom, nicolae_ashenzari_skybound,
          mainiacjoe_overflow_six_doors_small, minmay_misc_feat_ornament,
          kennysheep_jessica_study
D:4:      layout_rooms, grunt_qazlal_clouds, corexii_shack,
          amcnicky_mini_corridor_feature, uniq_blork_the_orc, uniq_ijyb,
          uniq_menkaure

Skill      XL: |  1  2  3  4  5 |
---------------+----------------+-----
Armour         | 1 2 |  2.6
Invocations    | 1 2 |  2.0
Fighting       | 4 |  4.6
Short Blades   | 4 |  4.2
Dodging        | 4 |  4.1

Action                     |  1- 3 |  4- 6 || total
---------------------------+-------+-------++-------
  Melee: Short sword       |    92 |    82 ||   174
         Headbutt          |    24 |    14 ||    38
 Armour: Robe              |    10 |    14 ||    24
  Dodge: Dodged            |    55 |    39 ||    94

Table legend: (Time is in decaauts)
 A = Elapsed time spent in this place.
 B = Non-inter-level travel time spent in this place.
 C = Inter-level travel time spent in this place.
 D = Time resting spent in this place.
 E = Time spent auto-exploring this place.
 F = Levels seen in this place.
 G = Mean time per level.
                   A        B        C        D        E       F      G
               +--------+--------+--------+--------+--------+-----+--------+
         Total |   2967 |   2914 |     53 |    169 |   2383 |   4 |  741.8 |
       Dungeon |   2967 |   2914 |     53 |    169 |   2383 |   4 |  741.8 |
               +--------+--------+--------+--------+--------+-----+--------+

Top non-repeatable levels by time:
     D:3: 985 daAuts
     D:2: 940 daAuts
     D:1: 929 daAuts
     D:4: 112 daAuts
